 Seeded DCSS version 0.29.1-15-g9cfb28693d (webtiles) character file.

Game seed: 4916263666957482044 (custom seed)

601 kingofthe the Sneak (level 7, -15/36 HPs)
             Began as a Deep Elf Conjurer on Apr 10, 2023.
             Was an Initiate of Sif Muna.
             Killed by an exploding orc (26 damage)
             ... ignited by their inner flame
             ... on level 5 of the Dungeon.
             The game lasted 00:08:58 (4066 turns).

kingofthe the Sneak (Deep Elf Conjurer)             Turns: 4066, Time: 00:08:58

Health: -15/36     AC:  4    Str:  4    XL:     7   Next: 18%
Magic:  5/16       EV: 14    Int: 23    God:    Sif Muna [......]
Gold:   173        SH:  5    Dex: 15    Spells: 8/15 levels left

rFire   + . .      SeeInvis .   a - staff of conjuration {!a}
rCold   . . .      Faith    .   (no shield)
rNeg    . . .      Spirit   .   d - +0 robe
rPois   .          Reflect  +   (no helmet)
rElec   .          Harm     .   (no cloak)
rCorr   .          Rampage  .   C - +1 pair of gloves
Will    .....                   (no boots)
Stlth   ++++......              k - amulet of reflection
HPRegen 0.12/turn               F - ring of protection from fire
MPRegen 0.15/turn               (no ring)

@: flying, studying Stealth
A: no striking features
a: Renounce Religion


You were on level 5 of the Dungeon.
You worshipped Sif Muna.
Sif Muna was noncommittal.
You visited 1 branch of the dungeon, and saw 5 of its levels.

You collected 173 gold pieces.


   Skills:
 * Level 5.3 Dodging
 + Level 7.2 Stealth
 + Level 4.8 Spellcasting
 + Level 5.3 Conjurations
 * Level 4.2 Hexes


You had 8 spell levels left.
You knew the following spells:

 Your Spells              Type           Power      Damage    Failure   Level
a - Magic Dart            Conj           100%       1d8       1%          1
b - Searing Ray           Conj           90%        2d7       1%          2
c - Fulminant Prism       Conj/Hex       20%        3d13      13%         4

Your spell library contained the following spells:

 Spells                   Type           Power      Damage    Failure   Level
 Dazzling Flash           Conj/Hex       82%        N/A       4%          3
 Summon Small Mammal      Summ           20%        N/A       10%         1
 Summon Guardian Golem    Hex/Summ       15%        N/A       12%         3
 Call Canine Familiar     Summ           5%         N/A       28%         3
 Iskenderun's Mystic Bla  Conj/Tloc      26%        2d7       32%         4

Inventory:

Hand Weapons
 b - a +1 dagger of flaming
 c - a +0 dagger of flaming
Missiles
 j - 4 boomerangs of dispersal {=f}
 t - 13 poisoned darts
Armour
 d - a +0 robe (worn)
 C - a +1 pair of gloves (worn)
Magical Staves
 a - a staff of conjuration (weapon) {!a}
Jewellery
 k - an amulet of reflection (around neck)
 v - a ring of see invisible
 F - a ring of protection from fire (left hand)
Scrolls
 f - a scroll of torment {unknown}
 l - a scroll of identify {@r1}
 m - a scroll of brand weapon
 n - a scroll of enchant armour {unknown}
 u - a scroll of blinking {unknown}
 x - a scroll of summoning {unknown}
 y - a scroll of magic mapping {unknown}
Potions
 e - a potion of flight
 g - a potion of ambrosia {unknown}
 h - a potion of invisibility {unknown}
 o - a potion of haste {unknown}
 p - a potion of magic
 w - a potion of heal wounds {unknown}
 z - 2 potions of curing {@q1}
 B - a potion of berserk rage {unknown}

Dungeon Overview and Level Annotations

Branches:
Dungeon (5/15)
 Temple: D:4-7

Altars:
Ashenzari
Fedhas
Nemelex Xobeh
Okawaru
Sif Muna

Shops:
D:4 ?

Annotations:
D:2 1 runed translucent door, Crazy Yiuf
D:3 return with dig
D:5 Pikel, Sigmund

############
#§☼K.§§§§§.##
#@########..# ##
#○○§○§§§○§§○☼☼###.#####.
#§§§☼§☼○§§§o§§###.......
#§○○§○§§§o☼§§§##........
#☼☼☼§○§♣§§o○§§##.#.####.
#§☼§§§§ ○○§§§§##.#.# #.
#☼☼☼○§§ §§§○§§##5#.####.
#○○§♣☼§ )§♣§○@##.#.#....
#.#.#..[.


You could see Pikel (inner flame), Sigmund and 3 orcs.


Message History

As you read the scroll labelled ERUGEL HOPN, it crumbles to dust.
It was a scroll of poison.
Sigmund shouts!
The orc misses you.
It was a potion of flight.
You feel very buoyant.
You fly up into the air.
The orc closely misses you.
Really fly into that cloud of poison gas?
Okay, then.
You block the orc's attack. The orc closely misses you.
The orc closely misses you.
Pikel seems to regain his courage.
The orc closely misses you.
Sigmund's eyes start glowing with a red light.
Casting: Searing Ray (safe; 1% risk of failure)
Confirm with . or Enter, or press ? or * to list all spells.
Aiming: Searing Ray (safe; 1% risk of failure)
Press: ? - help, Shift-Dir - straight line, f - orc
Aim: an orc, wielding a +0 flail (inner flame, 82% to hit)
You feel a surge of power!
The searing ray misses the orc. (Press . to maintain the ray.)
The orc barely misses you.
The searing ray misses the orc.
The orc misses you.
Pikel says, "You'll make a fine lemure."
The searing ray hits the orc!
Sif Muna accepts your kill.
The orc explodes!
The fiery explosion engulfs you!! You resist.
Ouch! That really hurt!
You die...

Skill      XL: |  1  2  3  4  5  6  7 |
---------------+----------------------+-----
Stealth        | 3 4 5 6 7 |  7.2
Dodging        | 3 4 5 |  5.3
Hexes          | 1 2 3 4 |  4.2
Spellcasting   | 4 |  4.8
Conjurations   | 5 |  5.3

Action                   |  1- 3 |  4- 6 |  7- 9 || total
-------------------------+-------+-------+-------++-------
 Cast: Magic Dart        |    68 |    53 |       ||   121
       Searing Ray       |     7 |    12 |     6 ||    25
       Fulminant Prism   |       |       |     1 ||     1
  Use: Scroll            |       |       |     6 ||     6
       Potion            |       |       |     1 ||     1
Dodge: Dodged            |     2 |     2 |    13 ||    17
Block: Other             |       |     1 |     2 ||     3

Levels and vault maps discovered:
D:1:      scummos_arrival_hexagon, layout_basic,
          chequers_ecumenical_altar_island
D:2:      layout_loops_ring, uniq_crazy_yiuf_cottage
D:3:      layout_basic, mainiacjoe_overflow_alcove_4,
          nicolae_sif_muna_little_library, gammafunk_temple_overflow_wave,
          uniq_jessica
D:4:      layout_cave_pools, nemelex_xobeh_ov_fountains_minmay, serial_shops,
          nicolae_take_the_stairs, uniq_natasha
D:5:      layout_loops_ring, nicolae_wu_jian_immortal_techniques,
          nicolae_overflow_hidden_temple, ebering_ghost_rock_garden,
          kennysheep_generic_room_2, uniq_pikel, uniq_sigmund

Notes
Turn   | Place    | Note
-------+----------+-------------------------------------------
     0 | D:1      | kingofthe the Deep Elf Conjurer began the quest for the
                  | Orb.
     0 | D:1      | Reached XP level 1. HP: 10/10 MP: 6/6
   180 | D:1      | Reached XP level 2. HP: 15/15 MP: 4/8
   218 | D:1      | Learned a level 2 spell: Searing Ray
   282 | D:1      | Reached skill level 3 in Stealth
   319 | D:1      | Found a faded altar of an unknown god.
   356 | D:1      | Reached skill level 3 in Dodging
   771 | D:1      | Reached XP level 3. HP: 19/19 MP: 6/9
  1598 | D:2      | Found a runed translucent door.
  1599 | D:2      | Noticed Crazy Yiuf
  1644 | D:2      | Reached skill level 4 in Stealth
  1886 | D:2      | Reached XP level 4. HP: 24/24 MP: 9/11
  1891 | D:2      | Learned a level 4 spell: Fulminant Prism
  2392 | D:3      | Reached skill level 1 in Hexes
  2422 | D:3      | Found a blossoming altar of Fedhas.
  2422 | D:3      | Noticed Jessica
  2429 | D:3      | Killed Jessica
  2616 | D:3      | Reached skill level 4 in Dodging
  2616 | D:3      | Reached skill level 5 in Stealth
  2616 | D:3      | Reached XP level 5. HP: 14/28 MP: 4/12
  2788 | D:3      | Found a shimmering blue altar of Sif Muna.
  2792 | D:3      | Became a worshipper of Sif Muna the Loreminder
  2836 | D:3      | Found a broken altar of Ashenzari.
  2836 | D:3      | Found an iron altar of Okawaru.
  2881 | D:4      | Found Sefeebynk's Magic Scroll Boutique.
  2899 | D:4      | Reached skill level 4 in Spellcasting
  2899 | D:4      | Reached skill level 2 in Hexes
  2969 | D:4      | Reached skill level 5 in Conjurations
  3035 | D:4      | Noticed Natasha
  3038 | D:4      | Killed Natasha
  3039 | D:4      | Reached skill level 6 in Stealth
  3039 | D:4      | Reached XP level 6. HP: 32/32 MP: 10/14
  3059 | D:4      | Noticed Natasha
  3064 | D:4      | Killed Natasha
  3073 | D:4      | Noticed Natasha
  3077 | D:4      | Killed Natasha
  3078 | D:4      | Reached skill level 3 in Hexes
  3289 | D:4      | Found a sparkling altar of Nemelex Xobeh.
  3730 | D:5      | Entered Level 5 of the Dungeon
  3734 | D:5      | Reached skill level 5 in Dodging
  3734 | D:5      | Reached skill level 7 in Stealth
  3788 | D:5      | Reached XP level 7. HP: 33/36 MP: 9/15
  3998 | D:5      | Reached skill level 4 in Hexes
  4016 | D:5      | Noticed Pikel
  4057 | D:5      | Identified a +1 robe of the Archmagi
  4057 | D:5      | Noticed Sigmund
  4066 | D:5      | Killed by an exploding orc... ignited by their inner flame

Vanquished Creatures
  2 ogres
  A necrophage (D:4)
  A hound (D:4)
  A gnoll bouda (D:5)
  An orc priest (D:3)
  Jessica (D:3)
  Natasha (thrice) (D:4)
  4 gnolls (D:5)
  8 adders
  A shadow imp (D:5)
  A worm (D:2)
  2 dart slugs
  3 orcs
  7 endoplasms
  4 giant cockroaches
  4 goblins
  7 hobgoblins
  4 kobolds
  A quokka (D:2)
  4 ball pythons
  6 bats (D:1)
  5 frilled lizards
  4 rats
75 creatures vanquished.

Vanquished Creatures (others)
  A fulminant prism (D:5)
1 creature vanquished.

Grand Total: 76 creatures vanquished

Table legend: (Time is in decaauts)
 A = Elapsed time spent in this place.
 B = Non-inter-level travel time spent in this place.
 C = Inter-level travel time spent in this place.
 D = Time resting spent in this place.
 E = Time spent auto-exploring this place.
 F = Levels seen in this place.
 G = Mean time per level.
                   A        B        C        D        E       F      G
               +--------+--------+--------+--------+--------+-----+--------+
         Total |   4072 |   3950 |    122 |    147 |   3343 |   5 |  814.4 |
       Dungeon |   4072 |   3950 |    122 |    147 |   3343 |   5 |  814.4 |
               +--------+--------+--------+--------+--------+-----+--------+

Top non-repeatable levels by time:
     D:2: 1169 daAuts
     D:4: 875 daAuts
     D:3: 846 daAuts
     D:1: 844 daAuts
     D:5: 335 daAuts

Table legend:
 A = Non-vault XP
 B = Vault XP
 C = Vault XP percentage of total XP
 D = Non-vault monster count
 E = Vault monster count
 F = Vault count percentage of total count
                 A         B        C        D         E       F
            +---------+---------+-------+---------+---------+-------
      Total |     789 |      73 |   8.5 |      73 |       2 |   2.7
            +---------+---------+-------+---------+---------+-------
        D:1 |      42 |       0 |   0.0 |      24 |       0 |   0.0
        D:2 |      55 |       0 |   0.0 |      16 |       0 |   0.0
        D:3 |      84 |      37 |  30.6 |      12 |       1 |   7.7
        D:4 |     353 |      36 |   9.3 |      11 |       1 |   8.3
        D:5 |     255 |       0 |   0.0 |      10 |       0 |   0.0
            +---------+---------+-------+---------+---------+-------
